 Dungeon Crawl Stone Soup version 0.22.0-36-g8e74550 (webtiles) character file.

87 Marcoleric the Bolt Thrower (level 4, 0/29 HPs)
             Began as a Halfling Hunter on Aug 24, 2018.
             Slain by a jackal (2 damage)
             ... on level 2 of the Dungeon.
             The game lasted 00:07:03 (1140 turns).

Marcoleric the Bolt Thrower (Halfling Hunter)       Turns: 1140, Time: 00:07:03

Health: 0/29       AC:  3    Str: 13    XL:     4   Next: 80%
Magic:  4/4        EV: 14    Int:  9    God:
Gold:   43         SH:  0    Dex: 15    Spells: 3/3 levels left

rFire    . . .     SeeInvis .   b - +0 short sword
rCold    . . .     Gourm    .   (shield restricted)
rNeg     . . .     Faith    .   c - +0 leather armour
rPois    .         Spirit   .   (no helmet)
rElec    .         Reflect  .   (no cloak)
rCorr    .         Harm     .   (no gloves)
MR       .....                  (no boots)
Stlth    ++........             (no amulet)
HPRegen  0.09/turn              (no ring)
MPRegen  0.09/turn              (no ring)

@: no status effects
A: small, mutation resistance 1
a: no special abilities


You were on level 2 of the Dungeon.
You were hungry.

You visited 1 branch of the dungeon, and saw 2 of its levels.

You collected 43 gold pieces.

Inventory:

Hand Weapons
 a - a +1 hand crossbow
 b - a +0 short sword (weapon)
 d - a +0 quarterstaff
Missiles
 h - 11 sling bullets
 j - 22 stones (quivered)
Armour
 c - a +0 leather armour (worn)
 n - a +0 cloak
Scrolls
 e - 2 scrolls of remove curse
 k - a scroll of noise
Potions
 g - a potion of ambrosia
 i - a potion of curing {unknown}
 l - a potion of degeneration {unknown}
Comestibles
 f - 6 rations


   Skills:
 + Level 2.2 Fighting
 + Level 5.8 Crossbows
 + Level 1.5 Armour
 + Level 2.2 Dodging
 + Level 1.1 Stealth


You had 3 spell levels left.
You didn't know any spells.
Your spell library was empty.

Dungeon Overview and Level Annotations

Branches:
Dungeon (2/15)

Altars:

Annotations:
D:2 Natasha


Innate Abilities, Weirdness & Mutations

You are small and have problems with some larger weapons.
You are somewhat resistant to further mutation.


Message History

The frilled lizard closely misses you.
You barely miss the frilled lizard.
The frilled lizard bites you but does no damage.
You barely miss the frilled lizard. The frilled lizard bites you.
* * * LOW HITPOINT WARNING * * *
You miss the frilled lizard.
The frilled lizard completely misses you.
You closely miss the frilled lizard.
You feel sick. The frilled lizard closely misses you.
You hit the frilled lizard.
You kill the frilled lizard!
You hit the rat.
You kill the rat!
The jackal bites you but does no damage.
You hit the jackal but do no damage.
You feel sick.
You are no longer poisoned.
The jackal bites you.
* * * LOW HITPOINT WARNING * * *
You hit the jackal but do no damage. The jackal bites you.
You die...

#.#.# #........ #.#.#
#..#...
#.#.###########..#.###.#
..........?.............
#####.......#.#..#.###.#
# #.......+....# # #
#.......#.#..# .#
#.......#.##h# .#
#......(#.##@# .#
#.......#.##.# .#
#.......#.##.# #.. ###


You could see a jackal.

Vanquished Creatures
  Jessica (D:2)
  An adder (D:2)
  3 oozes (D:2)
  A dart slug (D:1)
  A giant cockroach (D:1)
  5 goblins
  4 hobgoblins (D:1)
  2 jackals (D:2)
  A ball python (D:1)
  3 bats
  3 frilled lizards
  11 kobolds
  4 rats
40 creatures vanquished.

Vanquished Creatures (others)
  5 fungi (D:2)
  6 toadstools (D:2)
11 creatures vanquished.

Grand Total: 51 creatures vanquished

Notes
Turn   | Place    | Note
-------+----------+-------------------------------------------
     0 | D:1      | Marcoleric the Halfling Hunter began the quest for the Orb.
     0 | D:1      | Reached XP level 1. HP: 14/14 MP: 1/1
   204 | D:1      | Reached XP level 2. HP: 19/19 MP: 2/2
   451 | D:1      | Reached skill level 5 in Crossbows
   520 | D:1      | Reached XP level 3. HP: 18/24 MP: 3/3
   646 | D:2      | Noticed Jessica
   658 | D:2      | Killed Jessica
   658 | D:2      | Reached XP level 4. HP: 20/29 MP: 4/4
   734 | D:2      | Reached skill level 1 in Armour
  1063 | D:2      | Noticed Natasha
  1140 | D:2      | Slain by a jackal

Skill      XL: |  1  2  3  4 |
---------------+-------------+-----
Crossbows      | 5 |  5.8
Fighting       | 2 |  2.2
Armour         | 1 |  1.5
Dodging        | |  2.2
Stealth        | |  1.1

Action                   |  1- 3 |  4- 6 || total
-------------------------+-------+-------++-------
Melee: Short sword       |       |    41 ||    41
 Fire: Hand crossbow     |    54 |    18 ||    72
Throw: Stone             |       |    16 ||    16
  Use: Scroll            |     4 |     1 ||     5
Armor: Leather armour    |    11 |    29 ||    40
Dodge: Dodged            |    21 |    80 ||   101
